 Dungeon Crawl Stone Soup version 0.31-a0-152-g6aa68a64a1 (webtiles) character file.

Game seed: 7584171951471489026

399 Hajna the Ruffian (level 6, -7/55 HPs)
             Began as a Troll Transmuter on June 10, 2023.
             Was a Believer of Sif Muna.
             Mangled by an ogre
             ... wielding a +0 giant club
              (26 damage)
             ... on level 4 of the Dungeon on June 11, 2023.
             The game lasted 00:08:41 (1874 turns).

Hajna the Ruffian (Troll Transmuter)                Turns: 1874, Time: 00:08:41

Health: -7/55      AC:  6    Str: 21    XL:     6   Next: 53%
Magic:  4/8        EV: 10    Int:  9    God:    Sif Muna [**....]
Gold:   219        SH:  0    Dex: 10    Spells: 6/9 levels left

rFire   . .          .
                       - Unarmed
rCold   + . .        (no shield)
rNeg    . . .        o - +2 robe {Will+}
rPois   .            (helmet restricted)
rElec   .            (no cloak)
rCorr   .            (gloves unavailable)
SInv    +            (boots unavailable)
Will    +....        (no amulet)
Stlth   +            f - ring of protection from cold
HPRegen 1.09/turn    h - ring of see invisible
MPRegen 0.11/turn

%: no passive effects
@: wereblooded, very slightly contaminated
A: large, unfitting armour, claws 3, regeneration 1, shaggy fur 1, tough skin 1
a: Renounce Religion, Channel Magic


You were on level 4 of the Dungeon.
You worshipped Sif Muna.
Sif Muna was pleased with you.
You visited 1 branch of the dungeon, and saw 4 of its levels.
You also visited: Sewer.

You collected 219 gold pieces.

Inventory:

Armour
 a - a +0 robe
 o - a +2 robe of willpower (worn)
Jewellery
 f - a ring of protection from cold (left claw)
 h - a ring of see invisible (right claw)
Wands
 k - a wand of digging (6)
Scrolls
 i - a scroll of fog
 l - a scroll of noise {unknown}
 m - 2 scrolls of enchant weapon {unknown}
 q - a scroll of immolation {unknown}
Potions
 b - a potion of lignification
 c - 2 potions of berserk rage
 d - 2 potions of enlightenment
 e - a potion of heal wounds
 n - a potion of resistance
 p - a potion of haste


   Skills:
 + Level 1.3 Fighting
 + Level 2.5 Dodging
 + Level 0.3 Stealth
 + Level 5.4 Unarmed Combat
 + Level 2.0 Spellcasting
 + Level 2.4 Transmutations


You had 6 spell levels left.
You knew the following spells:

 Your Spells              Type           Power      Damage    Failure   Level
a - Beastly Appendage     Tmut           10%        N/A       12%         1
b - Wereblood             Tmut           5%         N/A       19%         2

Your spell library contained the following spells:

 Spells                   Type           Power      Damage    Failure   Level
 Spider Form              Tmut/Pois      3%         N/A       52%         3
 Ice Form                 Ice/Tmut       3%         N/A       89%         4


Dungeon Overview and Level Annotations

Branches:
Dungeon (4/15)              Sewer (visited)
 Temple: D:4-7

Altars:
Dithmenos
Sif Muna


Innate Abilities, Weirdness & Mutations

You are too large for most types of armour.
You have claws for hands.
Your natural rate of healing is unusually fast.
You are covered in fur. (AC +1)
You have tough skin. (AC +1)


Message History

The orc shouts!
You hear a shout! x2
Casting: Wereblood (safe; 19% risk of failure)
Confirm with . or Enter, or press ? or * to list all spells.
You grow a pair of large bovine horns.
Your feet morph into talons.
Your transformation is almost over.
An orc comes into view. It is wielding a +0 short sword.
The orc barely misses you.
An orc comes into view. It is wielding a +0 flail.
You scratch the orc. You claw the orc.
You kill the orc!
Sif Muna accepts your kill.
Casting: Beastly Appendage (safe; 12% risk of failure)
Confirm with . or Enter, or press ? or * to list all spells.
You miscast Wereblood.
You are very lightly contaminated with residual magic.
Nothing appears to happen.
Casting: Wereblood (safe; 19% risk of failure)
Confirm with . or Enter, or press ? or * to list all spells.
Your blood is infused with primal strength.
An ogre comes into view. It is wielding a +0 giant club.
The ogre hits you with a +0 giant club!!
Things that are here:
a +0 short sword; a +0 ring mail You barely miss the ogre.
You claw the ogre.
The ogre is lightly wounded.
The ogre hits you with a +0 giant club.
You are too injured to fight recklessly!
You claw the orc!
You feel a bit better.
You kill the orc!
Sif Muna accepts your kill. The ogre attacks as you move away!
The ogre hits you with a +0 giant club!
* * * LOW HITPOINT WARNING * * *
Your horns disappear.
Your talons disappear.
You claw the orc!
You feel a bit better.
You kill the orc!
Sif Muna accepts your kill.
You scratch the ogre.
The ogre is moderately wounded.
The ogre hits you with a +0 giant club!!
You die...

####.#(# ≈≈≈ <...>..#
... .....#.# #..
.....# #.#
.#.#......### #.#
...#.#.#......##.#####
...# # # #...)....#
...# #O# .#.# #@# .#.#
#.# #.# #.# ..# ####


You could see an ogre.

Vanquished Creatures
  A water moccasin (Sewer)
  An orc priest (D:3)
  Terence (D:3)
  Natasha (twice) (D:2)
  2 orc wizards (D:3)
  3 adders
  4 river rats (D:3)
  2 dart slugs
  6 orcs
  10 bats
  5 endoplasms
  3 goblins
  11 jackals
  4 kobolds
  2 quokkas
  2 ball pythons
  2 frilled lizards (D:1)
  6 rats
  A spectral goblin (D:2)
68 creatures vanquished.

Notes
Turn   | Place    | Note
-------+----------+-------------------------------------------
     0 | D:1      | Hajna the Troll Transmuter began the quest for the Orb.
     0 | D:1      | Reached XP level 1. HP: 18/18 MP: 1/1
   188 | D:1      | Reached skill level 1 in Fighting
   212 | D:1      | Reached XP level 2. HP: 27/27 MP: 0/2
   617 | D:2      | Noticed Natasha
   625 | D:2      | Killed Natasha
   626 | D:2      | Reached XP level 3. HP: 25/33 MP: 2/4
   640 | D:2      | Noticed Natasha
   644 | D:2      | Killed Natasha
   645 | D:2      | Reached XP level 4. HP: 41/41 MP: 3/5
   784 | D:2      | Found a faded altar of an unknown god.
   797 | D:2      | Prayed at the altar of an unknown god.
   797 | D:2      | Became a worshipper of Sif Muna the Loreminder
   797 | D:2      | Reached * piety under Sif Muna
  1000 | D:2      | Reached skill level 4 in Unarmed Combat
  1190 | D:3      | Reached XP level 5. HP: 12/48 MP: 4/6
  1253 | D:3      | Found a shadowy altar of Dithmenos.
  1256 | D:3      | Noticed Terence
  1264 | D:3      | Killed Terence
  1303 | D:3      | Found a glowing drain.
  1327 | D:3      | Reached skill level 5 in Unarmed Combat
  1331 | Sewer    | Entered a sewer
  1338 | Sewer    | Reached ** piety under Sif Muna
  1339 | Sewer    | Reached XP level 6. HP: 36/55 MP: 5/7
  1357 | Sewer    | Learned a level 2 spell: Wereblood
  1367 | Sewer    | Noticed a water moccasin
  1376 | Sewer    | Killed a water moccasin
  1874 | D:4      | Mangled by an ogre

Illustrated notes

Levels and vault maps discovered:
D:1:      ldierk_walled_garden, layout_rooms, columned_hall_lemuel
D:2:      layout_rooms, dreamdust_ecumenical_altar_drowned_temple, uniq_natasha
D:3:      layout_basic, mainiacjoe_overflow_small_starburst,
          portal_sewer_entry_c, uniq_terence
D:4:      layout_basic, mainiacjoe_overflow_alcove_1,
          mainiacjoe_overflow_brackets, grunt_qazlal_sundering,
          kennysheep_small_circle, uniq_sigmund, uniq_blork_the_orc

Skill      XL: |  1  2  3  4  5  6 |
---------------+-------------------+-----
Fighting       | 1 |  1.3
Dodging        | 2 |  2.5
Transmutations | 2 |  2.4
Unarmed Combat | 4 5 |  5.4
Spellcasting   | 2 |  2.0
Stealth        | |  0.3

Action                     |  1- 3 |  4- 6 || total
---------------------------+-------+-------++-------
  Melee: Unarmed           |    44 |   120 ||   164
         Kick              |     5 |    15 ||    20
         Headbutt          |     2 |     8 ||    10
         Punch             |       |     6 ||     6
   Cast: Beastly Appendage |    11 |    12 ||    23
         Wereblood         |       |     3 ||     3
    Use: Scroll            |     1 |     5 ||     6
         Potion            |       |     1 ||     1
 Armour: Robe              |    16 |    76 ||    92
  Dodge: Dodged            |    21 |    64 ||    85

Table legend: (Time is in decaauts)
 A = Elapsed time spent in this place.
 B = Non-inter-level travel time spent in this place.
 C = Inter-level travel time spent in this place.
 D = Time resting spent in this place.
 E = Time spent auto-exploring this place.
 F = Levels seen in this place.
 G = Mean time per level.
                   A        B        C        D        E       F      G
               +--------+--------+--------+--------+--------+-----+--------+
         Total |   1878 |   1634 |    244 |      0 |   1201 |   5 |  375.6 |
       Dungeon |   1755 |   1511 |    244 |      0 |   1163 |   4 |  438.8 |
         Sewer |    123 |    123 |      0 |      0 |     37 |   1 |  123.0 |
               +--------+--------+--------+--------+--------+-----+--------+

Top non-repeatable levels by time:
     D:3: 612 daAuts
     D:1: 582 daAuts
     D:2: 538 daAuts
   Sewer: 123 daAuts
     D:4: 21 daAuts
